Map: Tuonela LE

Players

Explorespace

  • Race: Terran Terran
  • Spawn Location: 6:00

FRANK

  • Race: Terran Terran
  • Spawn Location: 5:00

GhostDragon

  • Race: Protoss Protoss
  • Spawn Location: 5:00

cuchumbino

  • Race: Terran Terran
  • Spawn Location: 3:00

CaptainKir - Winner!

  • Race: Protoss Protoss
  • Spawn Location: 11:00

Alebay - Winner!

  • Race: Protoss Protoss
  • Spawn Location: 12:00

PiPuxD - Winner!

  • Race: Terran Terran
  • League: Gold
  • Spawn Location: 11:00

MattBarry - Winner!

  • Race: Zerg Zerg
  • League: Gold
  • Spawn Location: 9:00

VOD

Have the link to the VOD?

Description

Time

  • Played on: Feb. 14, 2023, 2:15 a.m.
  • Length: 31:38
Show
View Real Time Build Order
Export as new Build Order

Explorespace Terran 

Build Orders:  

Get SALT Encoding   

  12  0:08  SCV  
  13  0:22  SCV  
  13  0:24  Supply Depot  
  14  0:34  SCV  
  15  0:46  SCV  
  15  0:47  Barracks  
  16  0:54  Barracks  
  16  1:02  SCV  
  17  1:13  Barracks  
  17  1:25  Barracks  
  17  1:38  Barracks, Marine  
  18  1:47  Supply Depot  
  18  1:57  Supply Depot  
  18  2:00  Marine  
  19  2:03  Marine  
  19  2:08  Marine  
  21  2:12  Marine  
  22  2:17  Marine  
  23  2:25  Supply Depot  
  23  2:28  Marine  
  24  2:35  Marine  
  25  2:37  Marine  
  25  2:40  Marine  
  27  2:46  Marine  
  27  2:47  Marine  
  29  2:53  Marine  
  29  2:55  Marine  
  29  2:58  Marine  
  31  3:04  Marine x2  
  34  3:11  Marine  
  35  3:12  Marine  
  35  3:16  Marine  
  37  3:22  Marine  
  37  3:23  Marine  
  39  3:28  Marine  
  39  3:30  Marine  
  39  3:34  Marine  
  42  3:39  Marine  
  42  3:40  Marine  
  44  3:51  Marine x3  
  44  4:44  Command Center, Refinery  
  44  4:47  Command Center, Refinery  
  39  4:56  Marine  
  39  4:57  Marine  
  26  5:02  SCV  
  26  5:07  Marine  
  27  5:12  Marine  
  27  5:13  Marine  
  30  5:24  SCV  
  31  5:33  Marine x3  
  34  5:47  SCV  
  35  5:51  Factory  
  35  6:18  Factory  
  35  6:20  Refinery  
  35  6:30  SCV x2  
  35  6:31  SCV  
  38  6:36  Factory Reactor  
  38  6:47  Starport  
  38  6:55  Starport  
  38  7:14  Marine x3  
  41  7:20  Widow Mine x2  
  41  7:21  Factory Tech Lab  
  45  7:25  SCV  
  45  7:27  SCV  
  47  7:31  Starport Tech Lab  
  47  7:34  Starport Reactor  
  47  7:45  Starport  
  47  7:49  Widow Mine  
  49  7:54  Widow Mine  
  48  8:07  Widow Mine  
  48  8:10  Widow Mine  
  52  8:22  SCV x2  
  54  8:33  Widow Mine x2  
  54  8:34  SCV  
  59  8:37  SCV x2  
  61  8:46  SCV  
  62  8:52  SCV x2  
  64  8:57  Starport Reactor  
  64  8:58  SCV  
  64  8:59  Raven  
  67  9:05  Orbital Command  
  67  9:10  Supply Depot  
  67  9:24  SCV x2  
  68  9:30  Viking  
  68  9:31  Viking  
  73  9:36  SCV  
  74  9:42  Viking  
  76  9:50  Siege Tank  
  79  9:54  Viking  
  79  9:58  Viking  
  83  10:07  Viking  
  85  10:20  Viking  
  87  10:23  Armory  
  87  10:27  Supply Depot, Viking  
  89  10:37  Siege Tank  
  92  10:44  Widow Mine, Orbital Command  
  94  10:51  Refinery  
  94  10:54  Viking  
  96  11:03  Viking  
  98  11:08  Refinery  
  98  11:14  SCV x3  
  101  11:21  Viking  
  103  11:28  Refinery  
  103  11:34  Viking  
  105  11:56  Command Center  
  105  12:01  Viking  
  105  12:05  Terran Vehicle And Ship Armor Level 1  
  105  12:06  Widow Mine  
  105  12:08  Drilling Claws  
  108  12:15  Orbital Command  
  108  12:25  Viking  
  110  12:47  Widow Mine x3  
  115  12:54  Factory  
  111  13:28  Widow Mine x2  
  111  13:29  Siege Tank  
  117  13:56  Command Center  
  116  14:28  Factory Tech Lab  
  116  14:36  Supply Depot x2  
  116  14:56  Terran Ship Weapons Level 1  
  116  14:57  Command Center  
  115  15:15  Factory  
  115  15:17  SCV  
  115  15:30  Refinery  
  113  15:36  Command Center  
  112  15:45  Widow Mine, Siege Tank x2  
  112  15:46  Widow Mine  
  121  16:04  Factory Tech Lab  
  121  16:09  Widow Mine x2  
  121  16:10  Factory  
  87  16:38  Siege Tank  
  87  16:39  Siege Tank x2  
  88  16:58  Widow Mine  
  88  16:59  Widow Mine  
  69  17:11  Widow Mine  
  69  17:12  SCV  
  69  17:13  SCV  
  73  17:23  Orbital Command  
  73  17:25  SCV  
  70  17:37  SCV  
  70  17:39  Marine x3  
  74  17:53  Factory Tech Lab  
  74  17:56  Marine x2  
  74  17:57  Marine  
  78  18:05  SCV  
  78  18:06  SCV  
  78  18:08  Orbital Command  
  79  18:17  SCV  
  79  18:19  SCV  
  81  18:25  Viking x2  
  81  18:26  Siege Tank x2  
  91  18:37  SCV  
  91  18:39  SCV  
  91  18:40  Orbital Command  
  91  18:49  Siege Tank  
  91  18:50  Widow Mine  
  91  18:54  Viking  
  100  18:56  Viking  
  100  19:00  Terran Ship Weapons Level 2  
  98  19:29  Siege Tank x2  
  98  19:30  Siege Tank  
  107  19:50  Viking, Raven  
  107  19:51  Viking x2  
  114  20:04  Siege Tank  
  114  20:05  Widow Mine x2, Siege Tank  
  124  20:08  Viking  
  126  20:20  Viking  
  126  20:21  Viking  
  122  20:31  Widow Mine x4  
  85  26:24  Hellion  
  85  26:25  Hellion x4  
  97  26:26  Hellion  
  97  26:46  Hellion x2  
  109  26:47  Hellion x4  
  109  27:07  Hellion  
  109  27:08  Hellion x5  
  121  27:29  Hellion x3  
  129  27:30  Hellion  
  97  29:14  Hellion x2  
  97  29:15  Hellion x2  
  105  29:36  Hellion x4  
  113  29:57  Hellion x3  
  113  29:58  Hellion  
  121  30:18  Hellion  
  121  30:19  Hellion x3  
  129  30:40  Hellion x2  
  133  31:15  Hellion  
Show
View Real Time Build Order
Export as new Build Order

FRANK Terran 

Build Orders:  

Get SALT Encoding   

  12  0:01  SCV  
  13  0:13  SCV  
  14  0:20  Supply Depot  
  14  0:25  SCV  
  15  0:44  SCV  
  16  0:51  Barracks  
  16  0:56  SCV  
  17  0:57  Refinery  
  17  1:08  SCV  
  18  1:20  SCV  
  19  1:32  SCV  
  20  1:39  Command Center  
  20  1:44  SCV  
  21  1:56  SCV  
  22  2:04  Factory  
  22  2:08  SCV  
  22  2:11  Supply Depot  
  22  2:14  Refinery  
  23  2:24  Orbital Command  
  23  2:50  Orbital Command  
  23  2:52  Factory Tech Lab, Refinery  
  23  2:57  Starport, SCV  
  24  3:20  SCV  
  24  3:21  SCV  
  26  3:30  Command Center  
  26  3:32  SCV  
  27  3:39  Starport Tech Lab  
  27  3:40  Fusion Core  
  27  3:41  SCV  
  27  3:44  SCV  
  27  3:47  Refinery  
  29  3:53  SCV  
  30  3:56  SCV  
  30  4:00  Starport  
  31  4:06  SCV  
  32  4:18  Hellion  
  32  4:22  SCV  
  32  4:23  SCV  
  36  4:29  Battlecruiser  
  42  4:34  SCV  
  43  4:39  Hellion  
  43  4:40  Starport, SCV  
  43  4:43  Starport Tech Lab  
  46  4:46  SCV x2  
  46  4:50  Refinery  
  46  4:52  SCV  
  49  4:58  SCV  
  50  5:03  SCV  
  50  5:04  SCV  
  52  5:10  Refinery  
  52  5:11  Orbital Command  
  52  5:15  SCV, Battlecruiser  
  59  5:23  Armory  
  59  5:26  Starport Tech Lab  
  59  5:37  SCV  
  60  5:49  Command Center  
  60  5:52  Weapon Refit  
  60  5:54  Command Center  
  60  6:04  SCV  
  60  6:06  Starport x2  
  60  6:10  SCV x2  
  63  6:14  Terran Ship Weapons Level 1  
  63  6:16  Supply Depot  
  63  6:17  SCV  
  64  6:22  Armory  
  64  6:24  SCV  
  65  6:37  Supply Depot  
  65  6:39  Supply Depot  
  65  6:41  Supply Depot  
  65  6:47  Battlecruiser  
  71  6:51  Starport Tech Lab x2  
  71  7:00  Starport  
  71  7:05  Starport  
  71  7:10  SCV  
  71  7:11  Starport  
  72  7:21  Battlecruiser  
  78  7:27  Terran Vehicle And Ship Armor Level 1  
  78  7:55  Engineering Bay  
  78  7:59  Barracks  
  78  8:07  Battlecruiser  
  78  8:08  Battlecruiser  
  90  8:39  Missile Turret  
  90  8:43  Terran Ship Weapons Level 2  
  90  8:47  Orbital Command x2  
  90  8:52  Battlecruiser x2  
  90  8:54  Starport Tech Lab  
  102  9:00  Missile Turret  
  102  9:03  Starport Tech Lab  
  102  9:08  Starport  
  102  9:18  Drilling Claws  
  102  9:20  Missile Turret  
  102  9:22  SCV  
  103  9:24  SCV  
  103  9:25  SCV x3  
  107  9:40  Missile Turret  
  107  9:42  Command Center  
  107  9:53  Hi-Sec Auto Tracking  
  107  9:55  Battlecruiser  
  107  9:56  Starport Tech Lab, Command Center  
  113  10:03  Starport Tech Lab  
  113  10:07  Terran Vehicle And Ship Armor Level 2  
  113  10:10  Battlecruiser  
  119  10:39  Battlecruiser  
  125  10:53  Command Center  
  125  10:55  Command Center  
  125  11:07  Factory  
  125  11:12  Factory  
  125  11:14  Orbital Command  
  125  11:20  Orbital Command  
  125  11:21  Factory Reactor  
  125  11:22  Battlecruiser x2  
  137  11:40  Missile Turret  
  137  11:42  Missile Turret x2  
  137  11:47  Terran Ship Weapons Level 3  
  137  11:54  Battlecruiser  
  137  12:01  Missile Turret  
  143  12:04  Factory Reactor x2, Missile Turret x2  
  143  12:24  Missile Turret  
  143  12:29  Terran Vehicle And Ship Armor Level 3  
  143  12:34  Missile Turret  
  143  12:35  Starport, Neosteel Armor  
  143  12:45  Battlecruiser  
  149  13:12  Orbital Command  
  149  13:16  Orbital Command  
  149  13:19  Battlecruiser  
  155  13:20  Battlecruiser  
  161  13:33  Widow Mine x5  
  161  13:34  Widow Mine  
  173  13:54  Widow Mine x3  
  173  13:55  Widow Mine  
  181  14:31  Battlecruiser x3  
  191  15:22  Battlecruiser  
  151  16:47  Battlecruiser  
  151  16:48  Battlecruiser x4  
  169  17:39  Battlecruiser x2  
  181  18:21  Hellion  
  181  18:22  Hellion x5  
  193  18:43  Hellion x3  
  169  20:59  Battlecruiser x5  
  199  21:39  Battlecruiser x3  
  181  23:37  Battlecruiser  
  187  24:38  Battlecruiser  
  175  25:52  Battlecruiser  
  127  26:46  Widow Mine x4  
  127  26:47  Widow Mine x2  
  133  27:07  Widow Mine x2  
  133  27:08  Widow Mine x4  
  139  27:29  Widow Mine x4  
  141  29:07  Battlecruiser  
Show
View Real Time Build Order
Export as new Build Order

GhostDragon Protoss 

Build Orders: Carriers 

Get SALT Encoding   

  12  0:04  Probe  
  13  0:15  Pylon  
  13  0:20  Probe  
  14  0:32  Probe  
  15  1:01  Probe (Chrono Boost)  
  16  1:11  Probe (Chrono Boost)  
  17  1:14  Nexus  
  17  1:16  Probe (Chrono Boost)  
  18  1:18  Pylon  
  18  1:27  Probe  
  19  1:33  Forge  
  19  1:38  Pylon  
  19  1:39  Probe  
  20  1:41  Pylon  
  20  1:47  Assimilator  
  20  1:52  Assimilator  
  21  1:54  Probe (Chrono Boost)  
  21  2:03  Probe (Chrono Boost)  
  22  2:13  Gateway  
  22  2:32  Pylon  
  22  2:35  Pylon  
  23  2:44  Probe (Chrono Boost)  
  23  2:54  Probe (Chrono Boost)  
  23  2:58  Probe (Chrono Boost)  
  25  3:04  Probe (Chrono Boost)  
  25  3:05  Probe (Chrono Boost)  
  27  3:07  Photon Cannon  
  27  3:08  Photon Cannon  
  27  3:10  Probe x2 (Chrono Boost)  
  29  3:17  Photon Cannon  
  29  3:22  Probe (Chrono Boost)  
  32  3:34  Probe (Chrono Boost)  
  32  3:35  Probe (Chrono Boost)  
  32  3:39  Probe (Chrono Boost)  
  32  3:41  Probe (Chrono Boost)  
  34  3:44  Pylon  
  34  3:48  Pylon  
  34  3:49  Probe  
  34  3:54  Probe (Chrono Boost)  
  36  3:57  Pylon  
  36  3:58  Assimilator  
  36  4:01  Assimilator, Probe (Chrono Boost)  
  39  4:10  Probe x2 (Chrono Boost)  
  39  4:15  Probe (Chrono Boost)  
  39  4:17  Probe  
  39  4:22  Nexus  
  41  4:26  Pylon  
  41  4:32  Pylon  
  41  4:43  Probe (Chrono Boost)  
  42  4:51  Cybernetics Core  
  42  4:52  Cybernetics Core, Probe (Chrono Boost)  
  43  4:57  Probe (Chrono Boost)  
  44  5:00  Photon Cannon  
  44  5:03  Photon Cannon  
  44  5:05  Photon Cannon  
  44  5:07  Photon Cannon  
  44  5:12  Photon Cannon  
  44  5:20  Photon Cannon  
  44  5:23  Photon Cannon  
  44  5:27  Photon Cannon  
  44  5:31  Photon Cannon  
  44  5:36  Photon Cannon  
  44  5:39  Photon Cannon  
  44  5:46  Photon Cannon  
  44  5:52  Photon Cannon  
  44  5:54  Pylon  
  44  5:58  Probe (Chrono Boost)  
  45  6:05  Shield Battery  
  45  6:08  Probe (Chrono Boost)  
  46  6:13  Probe (Chrono Boost)  
  47  6:18  Protoss Shields Level 1  
  47  6:24  Probe  
  48  6:26  Protoss Air Weapons Level 1  
  48  6:29  Protoss Air Armor Level 1  
  48  6:36  Probe  
  49  6:48  Assimilator  
  49  6:52  Assimilator  
  49  6:57  Stargate  
  49  7:03  Robotics Facility  
  49  7:04  Stargate  
  49  7:09  Pylon  
  49  7:15  Twilight Council  
  49  7:28  Stargate  
  49  7:45  Fleet Beacon  
  49  7:47  Photon Cannon  
  49  7:53  Stargate  
  49  7:58  Photon Cannon  
  49  8:07  Protoss Shields Level 2 (Chrono Boost)  
  49  8:14  Observer  
  50  8:33  Protoss Air Weapons Level 2 (Chrono Boost), Protoss Air Armor Level 2 (Chrono Boost)  
  50  8:34  Carrier x3  
  68  8:35  Observer  
  68  8:40  Carrier  
  75  8:56  Observer  
  76  9:18  Observer  
  77  9:38  Carrier x3  
  95  9:44  Carrier  
  101  10:21  Protoss Shields Level 3 (Chrono Boost)  
  101  10:33  Unknown  
  101  10:42  Tempest x3  
  116  10:48  Tempest  
  121  10:54  Protoss Air Weapons Level 3  
  121  11:12  Protoss Air Armor Level 3  
  121  11:25  Tempest  
  121  11:26  Tempest  
  121  11:32  Tempest  
  136  11:34  Nexus  
  136  11:42  Pylon  
  136  11:45  Assimilator  
  136  11:50  Assimilator  
  136  11:53  Pylon  
  136  11:57  Pylon  
  136  12:02  Tempest  
  141  12:12  Shield Battery  
  141  12:13  Shield Battery  
  141  12:17  Shield Battery  
  141  12:18  Pylon  
  141  12:24  Shield Battery  
  141  12:25  Photon Cannon, Pylon  
  141  12:27  Photon Cannon  
  141  12:30  Photon Cannon  
  141  12:36  Photon Cannon  
  141  12:40  Photon Cannon  
  141  12:43  Photon Cannon x2  
  141  12:47  Photon Cannon  
  141  13:03  Photon Cannon  
  141  13:08  Shield Battery  
  141  13:15  Shield Battery  
  141  13:17  Probe (Chrono Boost)  
  143  13:27  Probe (Chrono Boost)  
  143  13:28  Carrier  
  143  13:32  Carrier, Probe (Chrono Boost)  
  156  13:44  Probe  
  157  13:52  Carrier (Chrono Boost)  
  163  13:56  Probe  
  164  14:18  Shield Battery  
  164  14:25  Carrier (Chrono Boost)  
  164  14:30  Carrier (Chrono Boost)  
  170  14:34  Carrier (Chrono Boost)  
  182  14:49  Tempest (Chrono Boost)  
  187  15:19  Tempest (Chrono Boost)  
  187  15:24  Tempest (Chrono Boost)  
  128  16:16  Carrier x2 (Chrono Boost)  
  128  16:17  Carrier x2 (Chrono Boost)  
  82  17:49  Carrier x4 (Chrono Boost)  
  106  18:43  Carrier x3 (Chrono Boost)  
  106  18:44  Carrier (Chrono Boost)  
  130  19:25  Shield Battery  
  130  19:27  Shield Battery  
  130  19:28  Photon Cannon x2  
  130  19:30  Photon Cannon  
  130  19:33  Photon Cannon  
  130  19:35  Pylon  
  130  19:40  Carrier x3  
  130  19:41  Carrier  
  59  20:44  Carrier x2  
  59  20:45  Carrier  
Show
View Real Time Build Order
Export as new Build Order

cuchumbino Terran 

Build Orders:  

Get SALT Encoding   

  12  0:04  SCV  
  13  0:16  SCV  
  14  0:28  SCV  
  14  0:34  Supply Depot  
  15  0:50  Refinery  
  15  0:59  Barracks  
  15  1:02  Barracks  
  15  1:05  SCV, Refinery  
  16  1:17  SCV  
  17  1:29  SCV  
  18  1:41  SCV  
  19  1:47  Barracks Reactor  
  19  1:49  Barracks Reactor  
  19  1:52  Supply Depot  
  19  1:53  SCV  
  20  2:06  SCV  
  21  2:18  SCV  
  21  2:20  Supply Depot  
  22  2:26  Reaper x4  
  26  2:30  SCV  
  27  2:42  SCV  
  28  2:54  SCV  
  29  2:59  Reaper x2  
  29  3:00  Reaper x2  
  33  3:06  SCV  
  34  3:19  SCV  
  35  3:27  Engineering Bay  
  35  3:37  Reaper x4  
  39  3:46  Command Center  
  39  4:04  Missile Turret  
  38  4:31  Command Center  
  38  4:55  SCV, Command Center  
  38  4:58  Command Center  
  39  5:10  SCV  
  35  5:22  SCV  
  31  5:40  Marine x2  
  31  5:41  Marine x2  
  33  5:47  Planetary Fortress  
  33  6:08  Planetary Fortress  
  33  6:12  Missile Turret  
  33  6:17  Missile Turret, Planetary Fortress  
  33  6:25  Missile Turret  
  33  6:35  Bunker  
  33  6:36  Orbital Command  
  33  6:46  SCV  
  34  6:55  SCV  
  34  6:59  SCV x2  
  37  7:07  SCV  
  38  7:11  SCV x2  
  40  7:16  SCV  
  40  7:19  SCV  
  42  7:23  SCV x2  
  42  7:28  SCV  
  45  7:31  Factory, SCV  
  45  7:35  SCV x2  
  48  7:41  SCV  
  48  7:42  Missile Turret  
  48  7:43  SCV  
  50  7:44  Missile Turret  
  50  7:45  Missile Turret x2  
  50  7:48  Missile Turret  
  50  7:50  Missile Turret  
  50  7:53  Missile Turret  
  50  7:55  Missile Turret  
  50  7:57  Missile Turret  
  47  8:30  SCV x4  
  51  8:42  SCV x4  
  51  8:44  Starport  
  51  8:46  Starport  
  51  8:47  Armory  
  55  8:54  SCV x4  
  59  8:56  Barracks Reactor  
  59  8:58  Starport  
  59  9:06  SCV x4  
  59  9:07  Refinery  
  59  9:08  Refinery  
  59  9:09  Refinery  
  63  9:10  Refinery  
  63  9:17  Missile Turret  
  63  9:18  SCV x3  
  63  9:19  SCV  
  63  9:21  Missile Turret  
  67  9:25  Missile Turret, Liberator x3  
  67  9:26  Liberator  
  67  9:27  Missile Turret  
  79  9:35  SCV x4  
  83  9:40  Terran Ship Weapons Level 1  
  83  9:43  Supply Depot  
  83  9:50  Supply Depot  
  83  9:52  SCV  
  84  10:05  Supply Depot, SCV x4  
  88  10:08  Refinery  
  88  10:09  Hi-Sec Auto Tracking  
  88  10:12  Supply Depot, Refinery  
  88  10:13  Liberator x4  
  100  10:27  SCV x4  
  104  10:35  Supply Depot  
  104  10:37  Supply Depot  
  104  10:42  Supply Depot  
  104  10:44  Supply Depot  
  104  10:46  Supply Depot  
  104  10:47  Supply Depot, Liberator  
  104  10:48  Supply Depot, Liberator  
  104  10:49  Supply Depot  
  110  11:00  Sensor Tower  
  110  11:01  Supply Depot  
  110  11:05  Neosteel Armor  
  110  11:07  Liberator x3  
  110  11:08  Liberator  
  122  11:18  SCV x4  
  124  11:22  Sensor Tower  
  126  11:30  SCV x4  
  130  11:33  Liberator x2  
  130  11:36  Terran Ship Weapons Level 2  
  136  11:58  Missile Turret  
  136  12:04  Liberator x3  
  136  12:05  Liberator  
  148  12:14  SCV x3  
  148  12:15  SCV  
  152  12:16  Liberator x2  
  152  12:18  Missile Turret  
  158  12:27  Command Center  
  158  12:28  Supply Depot  
  158  12:31  Supply Depot  
  158  12:33  Supply Depot  
  158  12:38  Missile Turret  
  158  12:40  Missile Turret  
  158  12:42  Missile Turret  
  157  12:52  Supply Depot  
  157  12:58  Missile Turret  
  157  13:00  Missile Turret, Liberator x3  
  157  13:01  Liberator x3  
  157  13:04  Missile Turret  
  175  13:11  Missile Turret  
  175  13:13  Missile Turret  
  175  13:14  Missile Turret  
  175  13:15  Missile Turret  
  175  13:19  Missile Turret  
  175  13:29  Marine  
  175  13:34  Missile Turret x2  
  176  13:36  Missile Turret x2  
  176  13:38  Missile Turret  
  176  13:42  Missile Turret  
  176  13:43  Liberator x3  
  176  13:44  Missile Turret x2  
  176  13:45  Missile Turret x2  
  176  13:46  Missile Turret x2  
  176  13:47  Missile Turret, Marine  
  186  13:50  Missile Turret  
  186  13:55  Missile Turret  
  186  13:56  Liberator x3  
  186  13:57  Missile Turret x2  
  186  14:00  Missile Turret  
  186  14:01  Missile Turret  
  195  14:05  Missile Turret, Marine  
  195  14:06  Terran Ship Weapons Level 3, Missile Turret  
  195  14:08  Missile Turret  
  196  14:16  Missile Turret  
  196  14:17  Missile Turret  
  196  14:20  Missile Turret  
  196  14:26  Liberator  
  199  14:39  Command Center  
  199  15:04  Missile Turret x2  
  199  15:05  Missile Turret  
  199  15:06  Missile Turret  
  199  15:07  Missile Turret  
  199  15:26  Missile Turret  
  199  15:27  Missile Turret  
  199  15:28  Missile Turret x2  
  199  15:29  Missile Turret  
  199  15:50  Missile Turret x2  
  199  15:52  Missile Turret  
  67  17:06  Liberator x6  
  72  17:14  Planetary Fortress  
  72  17:21  Refinery  
  72  17:24  Refinery  
  72  17:48  Liberator x2  
  72  17:49  Liberator  
  81  17:52  Command Center  
  81  18:05  Liberator x2  
  81  18:06  Liberator  
  81  18:11  Command Center  
  90  18:31  Liberator  
  90  18:34  Command Center  
  93  18:38  Liberator x2  
  99  18:48  Liberator x2  
  99  18:51  SCV x2  
  107  19:03  SCV x2  
  109  19:15  SCV  
  110  19:23  Planetary Fortress  
  108  19:26  Planetary Fortress  
  104  20:03  Missile Turret x2  
  104  20:06  Missile Turret  
  104  20:07  SCV  
  104  20:08  SCV x2  
  107  20:16  Liberator x6  
  107  20:19  SCV  
  107  20:20  SCV x3  
  129  20:23  Missile Turret  
  129  20:25  Missile Turret  
  129  20:27  Missile Turret  
  129  20:32  SCV x3  
  129  20:33  SCV  
  131  20:43  Missile Turret  
  131  20:44  SCV x3  
  131  20:48  SCV  
  135  20:56  SCV x3  
  138  20:59  Liberator x6  
  138  21:01  SCV  
  138  21:03  Missile Turret  
  157  21:08  SCV  
  158  21:24  SCV x4  
  162  21:36  SCV  
  163  21:41  Liberator  
  163  21:45  Sensor Tower  
  163  21:46  Missile Turret  
  166  21:47  Liberator x5  
  166  21:53  Sensor Tower  
  181  22:04  Missile Turret  
  181  22:06  Missile Turret  
  181  22:07  Missile Turret  
  181  22:12  Planetary Fortress  
  181  22:13  Missile Turret  
  181  22:15  Missile Turret  
  181  22:17  Missile Turret, Refinery  
  181  22:18  Missile Turret, Refinery  
  181  22:20  Missile Turret  
  181  22:24  Liberator  
  184  22:30  Liberator x5, Refinery  
  198  22:56  Refinery  
  198  23:29  Missile Turret  
  198  23:30  Missile Turret  
  198  23:31  Missile Turret  
  198  23:32  Missile Turret  
  198  23:33  Missile Turret  
  198  23:34  Missile Turret  
  198  23:35  Missile Turret x3  
  198  23:47  Command Center  
  169  25:33  Liberator x5  
  169  25:34  Liberator  
  186  26:06  Planetary Fortress  
  186  26:16  Liberator x2  
  188  26:45  Liberator x4  
  194  26:59  Liberator x2  
  140  27:27  Liberator  
  140  27:28  Liberator x2  
  134  27:34  Liberator  
  134  27:41  Liberator x2  
  140  28:10  Liberator x2  
  140  28:11  Liberator  
  149  28:15  Missile Turret x2  
  149  28:17  Liberator  
  152  28:24  Liberator x2  
  122  28:53  Liberator x2  
  113  29:02  Liberator  
  113  29:03  Liberator  
  113  29:07  Liberator x2  
  125  29:27  Sensor Tower  
  125  29:36  Liberator x2  
  128  29:45  Liberator x2  
  83  30:40  Liberator  
  83  30:41  Liberator x4  
  98  30:53  SCV x3  
  101  31:05  SCV x3  
  104  31:17  SCV x3  
Show
View Real Time Build Order
Export as new Build Order

CaptainKir Protoss - Winner!

Build Orders:  

Get SALT Encoding   

  12  0:13  Pylon  
  12  0:31  Gateway  
  12  0:37  Forge  
  12  0:45  Probe (Chrono Boost)  
  13  0:55  Probe (Chrono Boost)  
  14  1:02  Probe (Chrono Boost)  
  15  1:14  Probe (Chrono Boost)  
  15  1:17  Photon Cannon  
  16  1:22  Photon Cannon  
  16  1:35  Probe  
  17  1:48  Probe  
  18  1:57  Nexus  
  18  2:10  Assimilator  
  18  2:12  Pylon  
  18  2:29  Assimilator  
  18  2:50  Cybernetics Core  
  18  2:54  Probe (Chrono Boost)  
  19  3:05  Probe (Chrono Boost)  
  20  3:11  Probe (Chrono Boost)  
  20  3:12  Probe (Chrono Boost)  
  22  3:22  Probe (Chrono Boost)  
  22  3:24  Probe (Chrono Boost)  
  22  3:27  Probe (Chrono Boost)  
  24  3:33  Probe  
  26  3:35  Assimilator  
  26  3:37  Probe  
  26  3:38  Assimilator  
  27  3:45  Probe  
  28  3:50  Probe (Chrono Boost)  
  28  3:53  Stargate  
  29  3:57  Probe (Chrono Boost)  
  31  4:08  Probe x2 (Chrono Boost)  
  32  4:13  Probe (Chrono Boost)  
  32  4:14  Probe (Chrono Boost)  
  34  4:23  Probe  
  35  4:25  Stargate  
  35  4:26  Probe  
  35  4:29  Pylon  
  36  4:34  Pylon  
  36  4:38  Probe  
  37  4:50  Probe  
  38  5:13  Void Ray  
  46  5:15  Void Ray  
  46  5:27  Pylon  
  46  5:29  Pylon  
  46  5:35  Pylon  
  46  5:36  Pylon  
  46  5:50  Stargate  
  46  5:56  Fleet Beacon, Void Ray  
  54  6:02  Void Ray  
  54  6:05  Probe (Chrono Boost)  
  55  6:14  Protoss Air Weapons Level 1, Stargate  
  55  6:16  Probe (Chrono Boost)  
  55  6:17  Pylon  
  56  6:20  Probe (Chrono Boost)  
  56  6:22  Pylon  
  57  6:32  Probe  
  58  6:33  Stargate  
  58  6:36  Stargate  
  58  6:44  Flux Vanes, Probe  
  59  7:01  Nexus  
  59  7:16  Assimilator  
  59  7:19  Assimilator  
  71  7:31  Void Ray x3  
  59  8:40  Void Ray x5  
  79  8:53  Void Ray  
  79  9:01  Probe (Chrono Boost)  
  81  9:12  Probe x2 (Chrono Boost)  
  81  9:15  Protoss Shields Level 1  
  82  9:20  Probe (Chrono Boost)  
  82  9:21  Probe (Chrono Boost)  
  84  9:25  Probe (Chrono Boost)  
  84  9:27  Probe  
  86  9:36  Probe  
  87  9:40  Probe  
  104  9:46  Void Ray  
  104  9:47  Void Ray x3  
  104  9:48  Probe  
  104  9:52  Probe  
  106  9:55  Cybernetics Core  
  106  9:57  Pylon  
  106  10:01  Pylon  
  106  10:03  Pylon  
  106  10:04  Probe  
  107  10:10  Pylon  
  107  10:13  Stargate  
  115  10:21  Void Ray x2  
  119  10:29  Void Ray  
  119  10:47  Protoss Air Weapons Level 2  
  119  10:51  Twilight Council  
  119  10:52  Protoss Air Armor Level 1, Probe (Chrono Boost)  
  120  11:01  Pylon  
  120  11:02  Probe (Chrono Boost)  
  120  11:03  Pylon  
  121  11:08  Pylon  
  121  11:09  Pylon  
  121  11:13  Pylon  
  121  11:15  Pylon  
  137  11:26  Void Ray  
  137  11:27  Void Ray x2  
  137  11:30  Void Ray  
  137  11:34  Protoss Shields Level 2  
  137  12:17  Nexus  
  157  12:28  Void Ray x5  
  169  14:26  Void Ray x4  
  169  14:27  Void Ray x3  
  169  14:44  Protoss Air Armor Level 2  
  169  14:57  Assimilator  
  169  15:01  Assimilator  
  185  15:09  Void Ray x4  
  57  16:42  Protoss Air Weapons Level 3  
  32  17:03  Pylon  
  32  17:05  Pylon  
  32  17:11  Pylon  
  32  17:12  Stargate  
  32  17:18  Stargate  
  32  17:25  Stargate  
  32  17:31  Stargate  
  32  17:32  Stargate  
  32  17:35  Stargate  
  32  17:38  Pylon  
  32  17:40  Pylon  
  32  17:45  Pylon  
  32  17:55  Pylon  
  32  18:20  Gateway  
  32  18:28  Gateway  
  32  18:48  Gateway  
  32  18:51  Gateway  
  32  18:54  Pylon  
  32  18:56  Gateway  
  32  19:01  Twilight Council  
  32  19:07  Pylon  
  32  19:09  Probe (Chrono Boost)  
  33  19:19  Pylon, Probe (Chrono Boost)  
  33  19:24  Probe (Chrono Boost)  
  28  19:35  Probe  
  27  19:47  Probe  
  23  20:20  Charge  
  20  20:44  Cybernetics Core  
  20  21:19  Probe (Chrono Boost)  
  20  21:23  Warp Gate (Chrono Boost)  
  21  21:29  Probe (Chrono Boost)  
  22  21:34  Probe (Chrono Boost)  
  23  21:45  Probe  
  24  21:58  Probe  
  25  22:03  Pylon  
  25  22:04  Pylon  
  25  22:08  Pylon  
  25  22:11  Pylon  
  25  22:15  Pylon  
  25  22:18  Pylon  
  25  22:21  Pylon  
  25  22:40  Forge  
  25  22:45  Forge  
  25  23:04  Zealot  
  25  23:05  Zealot x4  
  35  23:17  Pylon  
  35  23:25  Zealot x2  
  35  23:26  Zealot x3  
  45  23:31  Protoss Ground Weapons Level 1  
  45  23:33  Protoss Ground Armor Level 1  
  45  23:42  Forge, Pylon  
  45  23:50  Pylon  
  45  23:51  Pylon  
  45  23:55  Pylon  
  45  24:07  Zealot x2  
  45  24:08  Zealot x3  
  55  24:28  Zealot x2  
  55  24:29  Zealot x3  
  65  24:40  Protoss Shields Level 3  
  65  24:51  Zealot x2  
  65  24:52  Zealot x3  
  67  25:56  Zealot x2  
  69  25:57  Zealot x2  
  69  25:58  Zealot  
  45  26:23  Zealot x2  
  45  26:24  Zealot x3  
  45  26:44  Zealot x3  
  45  26:45  Zealot x2  
  55  27:01  Pylon  
  55  27:07  Zealot x2  
  55  27:08  Zealot x2  
  63  27:15  Zealot  
  25  28:10  Zealot x2  
  25  28:11  Zealot x2  
  25  28:12  Zealot  
  35  28:31  Zealot  
  35  28:32  Zealot x3  
  35  28:33  Zealot  
  242  28:41  Protoss Ground Weapons Level 2  
  45  28:43  Protoss Ground Armor Level 2  
  45  28:52  Zealot  
  45  28:53  Zealot x2  
  45  28:54  Zealot x2  
  55  29:13  Zealot  
  55  29:15  Zealot x3  
  55  29:16  Zealot  
  65  29:34  Zealot  
  65  29:35  Zealot  
  65  29:36  Zealot x2  
  65  29:37  Zealot  
Show
View Real Time Build Order
Export as new Build Order

Alebay Protoss - Winner!

Build Orders: 1 Gate Expand, Double Forge 

Get SALT Encoding   

  12  0:00  Probe  
  13  0:12  Probe  
  14  0:18  Pylon  
  14  0:24  Probe  
  15  0:36  Probe  
  15  0:38  Gateway  
  16  0:48  Assimilator  
  16  0:49  Probe  
  17  1:01  Probe  
  18  1:13  Probe  
  19  1:22  Nexus  
  19  1:25  Probe  
  20  1:34  Cybernetics Core  
  20  1:37  Probe  
  21  1:43  Assimilator  
  21  1:50  Pylon  
  21  1:51  Probe  
  22  2:02  Gateway  
  22  2:05  Probe  
  23  2:11  Warp Gate (Chrono Boost)  
  23  2:17  Probe  
  23  2:19  Adept (Chrono Boost)  
  26  2:29  Probe  
  27  2:36  Probe  
  28  2:41  Pylon  
  28  2:46  Gateway  
  30  2:53  Adept  
  30  2:54  Probe  
  30  2:55  Probe  
  32  3:09  Forge  
  32  3:13  Pylon  
  32  3:14  Probe x2 (Chrono Boost)  
  34  3:25  Probe x2 (Chrono Boost)  
  36  3:31  Probe x2 (Chrono Boost)  
  38  3:35  Gateway  
  38  3:36  Protoss Ground Weapons Level 1 (Chrono Boost)  
  38  3:42  Assimilator, Probe x2  
  40  3:53  Stalker x2  
  44  3:57  Probe x2  
  46  4:04  Pylon  
  46  4:14  Probe x2  
  48  4:24  Pylon  
  48  4:29  Photon Cannon  
  48  4:30  Photon Cannon  
  48  4:32  Photon Cannon, Shield Battery  
  48  4:33  Stalker x2  
  52  4:43  Forge  
  52  4:44  Probe x2  
  54  4:59  Stalker x4  
  54  5:17  Protoss Ground Armor Level 1 (Chrono Boost)  
  49  5:30  Stalker x3  
  49  5:31  Stalker  
  49  5:35  Probe x2  
  57  5:49  Photon Cannon  
  57  5:52  Photon Cannon  
  57  5:56  Probe (Chrono Boost)  
  59  5:57  Probe (Chrono Boost)  
  59  6:13  Shield Battery  
  59  6:20  Pylon, Stalker x2  
  59  6:21  Stalker  
  65  6:29  Twilight Council  
  65  6:35  Protoss Shields Level 1 (Chrono Boost)  
  65  6:36  Probe x2  
  67  6:45  Shield Battery  
  67  6:48  Probe x2  
  67  6:51  Photon Cannon  
  67  6:54  Photon Cannon  
  69  6:59  Photon Cannon  
  69  7:01  Probe  
  69  7:02  Blink (Chrono Boost), Probe  
  71  7:10  Stalker  
  71  7:11  Stalker  
  75  7:22  Probe x2  
  77  7:29  Assimilator  
  77  7:37  Pylon  
  77  7:38  Pylon  
  77  7:48  Photon Cannon  
  77  7:49  Photon Cannon  
  77  7:55  Probe x2  
  79  8:07  Probe  
  79  8:11  Protoss Ground Weapons Level 2 (Chrono Boost), Stalker x4  
  88  8:18  Protoss Ground Armor Level 2 (Chrono Boost)  
  88  8:22  Probe x2  
  90  8:37  Photon Cannon  
  90  8:40  Photon Cannon  
  90  8:42  Photon Cannon  
  90  8:47  Pylon  
  90  8:48  Pylon  
  90  8:49  Stalker x2  
  94  9:12  Robotics Facility  
  94  9:37  Stalker x4  
  102  9:46  Pylon  
  102  9:47  Pylon  
  102  9:56  Nexus  
  102  9:57  Pylon  
  102  9:59  Pylon  
  102  10:01  Stalker x3  
  102  10:02  Stalker  
  110  10:11  Gateway  
  110  10:14  Gateway  
  110  10:15  Gateway  
  110  10:30  Stalker x4  
  118  10:49  Probe x2  
  120  10:54  Stalker x4  
  120  10:56  Protoss Ground Armor Level 3 (Chrono Boost)  
  128  11:08  Probe x3  
  131  11:25  Pylon  
  131  11:27  Photon Cannon  
  131  11:29  Photon Cannon  
  131  11:31  Shield Battery  
  131  11:35  Protoss Ground Weapons Level 3 (Chrono Boost)  
  131  11:37  Observer (Chrono Boost)  
  132  11:44  Probe x2  
  132  11:45  Probe  
  135  11:49  Assimilator  
  135  11:50  Observer (Chrono Boost)  
  136  12:03  Pylon  
  136  12:05  Pylon  
  136  12:27  Probe x3  
  139  12:30  Assimilator  
  139  12:31  Stalker x3  
  139  12:32  Stalker x4  
  153  12:41  Charge  
  153  12:53  Probe x2  
  153  12:54  Probe  
  156  13:05  Stalker, Probe  
  156  13:06  Stalker x2  
  156  13:07  Stalker x4  
  171  13:23  Protoss Shields Level 2 (Chrono Boost)  
  171  13:41  Stalker x4  
  171  13:42  Stalker  
  171  13:46  Pylon  
  171  13:48  Photon Cannon  
  181  13:49  Photon Cannon  
  181  13:51  Photon Cannon  
  181  14:09  Stalker  
  183  14:10  Stalker x3  
  189  14:19  Pylon  
  189  14:21  Pylon  
  189  14:22  Photon Cannon x2  
  189  14:24  Photon Cannon  
  189  14:26  Photon Cannon  
  189  14:27  Shield Battery  
  189  14:46  Stalker  
  189  14:47  Stalker x4  
  199  15:08  Photon Cannon  
  199  15:09  Photon Cannon  
  199  15:10  Photon Cannon  
  199  15:11  Shield Battery  
  199  15:14  Photon Cannon x2  
  199  15:32  Protoss Shields Level 3 (Chrono Boost)  
  85  16:38  Stalker  
  85  16:39  Stalker x2  
  69  16:40  Stalker x4  
  77  16:52  Gateway  
  77  16:53  Gateway  
  77  16:55  Gateway  
  73  17:05  Stalker x4  
  73  17:06  Stalker x3  
  51  17:31  Stalker x6  
  51  17:32  Stalker  
  65  17:56  Stalker x3  
  65  17:57  Stalker x4  
  65  17:58  Stalker x3  
  85  18:06  Nexus  
  85  18:10  Pylon  
  85  18:11  Pylon  
  85  18:21  Stalker  
  85  18:22  Stalker x5  
  85  18:23  Stalker x4  
  105  18:45  Stalker x3  
  105  18:46  Stalker x7  
  85  20:07  Stalker x4  
  85  20:08  Stalker x4  
  85  20:47  Stalker x2  
  89  21:17  Nexus  
  82  21:19  Pylon  
  82  21:21  Pylon  
  66  21:59  Assimilator  
  66  22:13  Stalker x4  
  66  22:14  Stalker x2  
  78  22:16  Stalker  
  78  22:17  Stalker  
  76  23:33  Nexus  
  76  23:38  Pylon  
  76  23:40  Pylon  
  76  24:09  Nexus  
  76  24:22  Shield Battery  
  76  24:24  Shield Battery  
  11  25:39  Probe (Chrono Boost)  
  12  25:52  Probe (Chrono Boost)  
  13  26:03  Probe (Chrono Boost)  
  9  27:40  Nexus  
  9  27:55  Probe  
  10  28:11  Probe  
  11  29:01  Stalker x6  
  11  29:02  Stalker x3  
  17  30:24  Observer  
  17  30:58  Nexus  
  17  31:05  Stalker x5  
  17  31:06  Stalker x3  
Show
View Real Time Build Order
Export as new Build Order

PiPuxD Terran - Winner!

Build Orders: 2 Factory, Reaper Expand 

Get SALT Encoding   

  12  0:00  SCV  
  13  0:12  SCV  
  14  0:17  Supply Depot  
  14  0:24  SCV  
  15  0:39  SCV  
  15  0:41  Barracks  
  16  0:45  Refinery  
  16  0:51  SCV  
  17  1:03  SCV  
  18  1:16  SCV  
  19  1:28  Orbital Command  
  19  1:29  Reaper  
  20  1:52  Supply Depot  
  20  1:53  Command Center  
  20  1:54  SCV  
  20  2:01  Barracks Reactor, Refinery  
  21  2:06  SCV  
  22  2:18  SCV  
  23  2:26  Factory  
  23  2:30  SCV  
  23  2:38  Marine x2  
  23  2:43  SCV  
  26  2:55  SCV  
  26  2:56  Marine x2  
  29  3:00  Supply Depot  
  29  3:05  Orbital Command  
  29  3:10  Starport  
  29  3:12  SCV  
  30  3:25  Factory  
  30  3:26  SCV  
  31  3:28  Barracks Reactor  
  31  3:32  SCV  
  32  3:36  Hellion x2  
  36  3:42  Engineering Bay  
  36  3:44  SCV  
  36  3:48  Refinery  
  37  3:50  Starport Reactor  
  37  3:57  SCV x2  
  39  4:09  SCV x2  
  37  4:18  Hellion x2  
  19  4:39  Widow Mine, Hellion x2  
  19  4:44  SCV x2  
  25  4:56  SCV x2  
  27  5:08  SCV x2  
  27  5:11  Command Center  
  29  5:20  SCV x2  
  31  5:28  Factory Tech Lab  
  31  5:32  SCV x2  
  33  5:38  Hellion x2  
  37  5:44  SCV x2  
  37  5:49  Infernal Pre-Igniter  
  39  5:56  SCV x2  
  41  5:57  Supply Depot  
  41  5:58  Supply Depot  
  41  6:03  Armory  
  41  6:08  SCV x2  
  41  6:10  Siege Tank  
  46  6:20  SCV x2  
  46  6:25  Orbital Command  
  48  6:32  SCV  
  48  6:33  SCV  
  48  6:37  Supply Depot  
  48  6:38  Medivac x2  
  54  6:45  SCV x2  
  56  6:55  SCV  
  56  6:57  SCV x2  
  56  6:59  Supply Depot, Refinery  
  56  7:00  Terran Vehicle Weapons Level 1  
  59  7:02  Armory  
  59  7:07  Hellion x2  
  63  7:11  SCV  
  63  7:12  SCV x2  
  66  7:22  Supply Depot, Siege Tank  
  69  7:31  Hellion x2  
  69  7:33  SCV  
  74  7:38  SCV x2  
  76  7:45  Supply Depot  
  76  8:08  SCV x2  
  78  8:20  Factory  
  78  8:22  Factory  
  78  8:26  Liberator x2  
  84  8:29  Supply Depot  
  84  8:32  Thor  
  90  8:37  Orbital Command  
  90  8:52  SCV x2  
  92  8:57  Terran Vehicle Weapons Level 2  
  92  8:58  Terran Vehicle And Ship Armor Level 1  
  92  8:59  Supply Depot  
  92  9:04  SCV x2, Factory Tech Lab  
  92  9:05  Factory Tech Lab  
  94  9:10  SCV  
  94  9:16  SCV x2  
  97  9:22  SCV  
  98  9:25  Thor x2  
  98  9:30  Hellion x3  
  116  9:38  Refinery  
  100  9:40  Refinery  
  100  9:51  Thor  
  106  9:53  Supply Depot  
  106  9:55  Supply Depot  
  106  10:10  Thor  
  112  10:17  Thor  
  112  10:21  Command Center  
  118  10:22  SCV x3  
  121  10:34  SCV x3  
  124  10:35  Thor  
  130  10:46  SCV x3  
  133  10:54  Terran Vehicle And Ship Armor Level 2  
  133  11:01  Thor  
  133  11:03  Hellion  
  141  11:09  Hellion x2  
  141  11:11  Supply Depot  
  145  11:12  Supply Depot  
  145  11:13  Supply Depot  
  145  11:25  SCV x3  
  148  11:33  Barracks  
  148  11:36  Refinery  
  148  11:37  SCV x3, Planetary Fortress  
  151  11:46  Thor x3  
  169  11:55  Terran Vehicle Weapons Level 3  
  169  12:08  Factory  
  169  12:11  Factory  
  169  12:46  SCV x2  
  171  12:54  Thor x2  
  171  12:55  Thor  
  171  12:57  Factory Tech Lab x2  
  171  12:58  Command Center  
  189  13:38  Thor  
  195  13:46  Thor  
  120  14:10  Orbital Command  
  199  14:12  Missile Turret  
  199  14:27  Terran Vehicle And Ship Armor Level 3  
  199  14:32  Terran Ship Weapons Level 1  
  199  14:54  Command Center  
  188  16:14  Thor  
  188  16:16  Factory Tech Lab x2  
  194  16:23  Thor  
  200  16:37  Refinery  
  200  16:38  Refinery  
  194  16:56  Thor x2  
  158  17:21  Thor x2  
  128  17:39  Thor x2  
  140  17:57  Terran Ship Weapons Level 2  
  140  18:04  Thor x2  
  140  18:05  Barracks  
  152  18:22  Thor x2  
  164  18:34  Engineering Bay  
  164  18:37  Command Center  
  164  18:47  Thor x2  
  176  18:56  Factory  
  176  18:57  Factory  
  176  19:03  Orbital Command  
  176  19:04  Thor  
  176  19:05  Thor  
  188  19:29  Thor x2  
  194  20:24  Thor  
  119  20:56  Factory Tech Lab x2  
  89  21:03  Armory  
  89  21:14  Orbital Command  
  89  21:15  Supply Depot x2  
  89  21:16  Supply Depot  
  89  21:17  Supply Depot x2  
  89  21:19  Supply Depot  
  89  21:32  Hellion x6  
  89  22:06  Orbital Command  
  89  22:22  Thor x4  
  107  22:23  Thor  
  105  23:12  Refinery  
  105  23:13  Refinery  
  105  23:16  Supply Depot  
  105  23:17  Supply Depot  
  105  23:18  Supply Depot  
  105  23:19  Supply Depot  
  105  23:27  Supply Depot  
  105  23:28  Supply Depot  
  105  23:30  Supply Depot  
  105  23:31  Supply Depot  
  105  23:32  Supply Depot  
  105  23:39  Thor x2  
  105  23:40  Thor  
  105  23:41  Thor  
  129  23:48  Thor  
  135  24:15  Terran Ship Weapons Level 3  
  135  24:22  Thor x3  
  135  24:24  Thor  
  159  24:31  Thor  
  159  25:04  Thor x2  
  159  25:05  Thor  
  159  25:06  Thor  
  183  25:14  Thor  
  189  25:24  Hellion x4  
  189  25:25  Hellion x3  
  189  26:07  Thor  
  181  27:13  Thor x3  
  181  27:14  Thor x2  
  179  27:56  Thor x2  
  189  28:01  Thor  
  189  28:04  Thor  
  186  28:34  Command Center x2  
  186  28:42  Command Center  
  180  29:46  Thor  
  78  30:47  Orbital Command  
  78  30:48  Orbital Command x2  
Show
View Real Time Build Order
Export as new Build Order

MattBarry Zerg - Winner!

Build Orders: Pool First, Lurkers 

Get SALT Encoding   

  12  0:02  Drone  
  13  0:12  Overlord  
  13  0:17  Drone  
  14  0:28  Extractor  
  13  0:29  Drone  
  15  0:42  Spawning Pool  
  14  0:44  Extractor  
  14  0:46  Drone  
  14  0:48  Drone  
  15  0:58  Drone  
  15  0:59  Drone  
  17  1:30  Zergling x6  
  20  1:44  Zergling x2  
  21  2:06  Metabolic Boost  
  21  2:08  Overlord  
  21  2:13  Drone  
  22  2:18  Overlord  
  22  2:26  Extractor  
  21  2:37  Queen  
  23  2:45  Zergling x4  
  23  2:46  Zergling x2  
  26  2:55  Hatchery  
  26  2:56  Evolution Chamber  
  24  3:09  Drone x2  
  26  3:48  Hatchery  
  25  3:52  Zerg Melee Weapons Level 1  
  25  3:53  Drone x3  
  28  3:59  Zergling x2  
  28  4:00  Zergling x4  
  31  4:23  Overlord x2  
  31  4:24  Baneling Nest  
  26  4:58  Queen  
  25  5:09  Zergling x2  
  25  5:10  Zergling x8, Roach Warren  
  29  5:14  Queen x2  
  29  5:17  Spine Crawler  
  29  5:20  Spine Crawler  
  31  5:31  Spine Crawler  
  30  5:37  Spine Crawler  
  29  5:46  Drone x3  
  32  6:03  Drone  
  32  6:04  Drone  
  34  6:05  Spine Crawler  
  34  6:06  Drone  
  34  6:25  Drone x2  
  35  6:26  Drone x2  
  38  6:41  Drone x4  
  38  6:43  Drone  
  43  7:04  Roach x3, Overlord  
  43  7:05  Drone  
  50  7:21  Spore Crawler  
  49  7:26  Spore Crawler  
  49  7:28  Spore Crawler  
  47  7:31  Spore Crawler  
  47  7:33  Drone x3  
  47  7:34  Drone x3  
  52  7:42  Drone  
  52  7:43  Drone x3  
  51  8:11  Lair  
  51  8:20  Drone  
  51  8:21  Drone x5  
  51  8:22  Overlord  
  57  8:40  Zerg Ground Armor Level 1  
  57  8:45  Extractor  
  57  8:47  Drone, Extractor  
  57  8:48  Drone x3  
  59  8:49  Drone x3, Extractor  
  59  8:50  Overlord x3  
  61  8:56  Roach x2  
  61  8:57  Overlord  
  65  9:22  Drone  
  65  9:23  Drone  
  69  9:24  Roach x3  
  69  9:25  Roach  
  69  9:26  Roach  
  69  9:31  Hydralisk Den  
  76  9:34  Drone  
  76  9:35  Infestation Pit, Drone  
  76  9:36  Zergling x4  
  79  10:12  Drone x3  
  79  10:13  Drone  
  83  10:20  Queen  
  87  10:24  Lurker Den  
  86  10:30  Hive  
  84  10:41  Hydralisk x6  
  96  10:44  Overlord x3  
  96  10:54  Extractor  
  95  11:05  Hatchery  
  94  11:15  Overlord  
  94  11:16  Hydralisk x2, Overlord  
  94  11:17  Hydralisk, Drone  
  94  11:18  Drone x5  
  105  11:19  Overseer  
  105  11:24  Drone x4  
  110  11:33  Lurker x6  
  116  11:42  Seismic Spines  
  116  11:49  Adrenal Glands  
  116  11:54  Evolution Chamber  
  116  11:56  Drone x7  
  116  11:57  Evolution Chamber, Drone x7  
  128  12:02  Glial Reconstitution  
  128  12:25  Hydralisk x2  
  128  12:26  Hydralisk x2  
  136  12:30  Overseer  
  136  12:45  Drone x3  
  139  12:53  Hydralisk x2  
  139  12:55  Overlord  
  139  12:56  Overlord  
  143  12:59  Grooved Spines  
  143  13:03  Zerg Missile Weapons Level 1  
  143  13:04  Zerg Ground Armor Level 2  
  143  13:16  Hydralisk x2  
  143  13:17  Hydralisk x2  
  143  13:18  Overlord x2  
  151  13:21  Spire  
  150  13:32  Overlord x2  
  150  13:38  Extractor, Drone x4  
  150  13:39  Drone x4  
  150  13:40  Drone x3, Extractor  
  159  13:41  Drone x2  
  161  13:53  Pneumatized Carapace  
  161  14:10  Muscular Augments  
  161  14:14  Hydralisk x3  
  167  14:17  Lurker  
  167  14:18  Lurker x4  
  167  14:20  Hydralisk x4  
  180  14:41  Overlord x3  
  180  14:50  Hatchery  
  179  14:55  Hatchery  
  179  14:57  Zerg Missile Weapons Level 2  
  178  15:17  Hydralisk x5  
  178  15:18  Hydralisk, Corruptor, Overlord x2  
  178  15:19  Zergling x6  
  194  15:24  Greater Spire  
  194  15:50  Hydralisk x2  
  164  16:40  Corruptor x5  
  164  16:41  Corruptor x13  
  164  16:44  Zerg Flyer Armor Level 1  
  180  18:00  Queen  
  180  18:01  Corruptor  
  180  18:02  Corruptor x4  
  180  18:03  Corruptor x3  
  198  18:20  Extractor  
  198  18:22  Extractor  
  196  19:09  Zerg Ground Armor Level 3  
  196  19:10  Zerg Missile Weapons Level 3  
  188  19:27  Zergling x2  
  188  19:28  Zergling x14  
  188  19:46  Zerg Flyer Armor Level 2  
  188  19:51  Corruptor  
  188  19:52  Corruptor x6  
  196  20:03  Corruptor x2  
  177  20:39  Corruptor, Infestor x2, Drone  
  177  20:40  Corruptor x6  
  173  20:44  Corruptor x3, Infestor  
  173  20:45  Corruptor x7  
  173  20:46  Corruptor x3  
  181  21:03  Corruptor x5  
  181  21:04  Corruptor x2  
  179  21:48  Corruptor x7  
  193  21:59  Spire  
  192  22:02  Zerg Flyer Weapons Level 1  
  184  23:16  Corruptor x11  
  184  23:17  Corruptor x4  
  166  23:59  Spore Crawler  
  166  24:00  Spore Crawler  
  164  24:03  Hatchery  
  164  24:06  Corruptor x9  
  164  24:07  Corruptor  
  183  24:21  Zerg Flyer Weapons Level 2  
  141  25:00  Corruptor x15  
  141  25:01  Corruptor  
  165  26:00  Extractor  
  165  26:01  Extractor  
  163  26:24  Corruptor  
  163  26:25  Corruptor x10  
  183  26:52  Corruptor x4  
  131  27:31  Spawning Pool  
  129  27:38  Overlord x2  
  115  28:37  Hatchery  
  115  28:38  Lair, Hatchery  
  115  28:41  Hatchery  
  112  29:07  Hatchery  
  111  29:12  Overlord x2  
  111  29:13  Overlord  
  96  30:01  Spire  
  92  30:25  Spire  
  75  30:52  Overlord  
  75  30:59  Overseer  
  75  31:01  Overseer x2  
Tags
 
Add a new tag
Caveats
  • Supply blocks, unpowered buildings, or Contaminate may cause inaccurate times.
  • Supply counts are checked every 10 seconds.